 Dungeon Crawl Stone Soup version 0.27-a0-562-g0d39f094a4 (webtiles) character file.

Game seed: 17001029850018726520

2184658 Forgeling the Conqueror (level 25, 280/282 HPs)
             Began as a Minotaur Enchanter on Mar 8, 2021.
             Was the Champion of Ru.
             Escaped with the Orb
             ... and 4 runes!
             The game lasted 03:08:44 (82511 turns).

Forgeling the Conqueror (Minotaur Enchanter)       Turns: 82511, Time: 03:08:44

Health: 280/282    AC: 48    Str: 26    XL:     25
Magic:  21/21      EV: 19    Int: 14    God:    Ru [******]
Gold:   7412       SH: 20    Dex: 17    Spells: 25/26 levels left

rFire    + + +     SeeInvis .   a - +9 broad axe (freeze)
rCold    + . .     Faith    .   O - +5 kite shield {rF+}
rNeg     + . .     Spirit   .   g - +10 plate armour {Will+}
rPois    +         Reflect  .   S - +2 hood of the Assassin {Detection Stab+ Stlth++}
rElec    +         Harm     .   k - +2 cloak {rCorr}
rCorr    +         Rampage  .   B - +2 pair of gloves
Will     +++..                  b - +4 pair of boots of the Mind {rPois rF+ rC+}
Stlth    +.........             x - amulet "Ogasamel" {RegenMP +Blink rElec Str+4 Int+2}
HPRegen  0.57/turn              u - ring of the Saving Fool {rPois Will+ Stlth+}
MPRegen  0.42/turn              c - ring "Fenihac" {rN+ Dex+5}

@: no status effects
A: horns 2, camouflage 1, deterioration 1, fire resistance 1, low mp 1, robust
1, weak 1, hated by all, cowardly, no fire magic, no translocations magic, no
transmutations magic, disrupted magic 1, inexperienced 1, retaliatory headbutt
0: Orb of Zot
}: 4/15 runes: serpentine, barnacled, slimy, silver
a: Renounce Religion, Evoke Blink, Draw Out Power, Power Leap, Apocalypse


You escaped.
You worshipped Ru.
Ru was exalted by your worship.
You visited 10 branches of the dungeon, and saw 54 of its levels.
You visited 2 bazaars.
You visited 1 ziggurat, and saw 10 of its levels.
You also visited: Sewer, Gauntlet, Ice Cave and Volcano.

You collected 11354 gold pieces.
You spent 3942 gold pieces at shops.

Inventory:

Hand Weapons
 a - a +9 broad axe of freezing (weapon)
Missiles
 e - 5 throwing nets
 m - 6 boomerangs of dispersal
 n - 21 curare-tipped darts
 o - 7 javelins
 A - 47 silver javelins (quivered)
Armour
 b - the +4 pair of boots of the Mind (worn) {rPois rF+ rC+}
   (You found it on level 4 of the Shoals)

   It protects you from fire.
   It protects you from cold.
   It protects you from poison.
 g - a +10 plate armour of willpower (worn)
 k - a +2 cloak of preservation (worn)
 B - a +2 pair of gloves (worn)
 O - a +5 kite shield of fire resistance (worn)
 S - the +2 hood of the Assassin (worn) {Detection Stab+ Stlth++}
   (You found it on level 4 of the Shoals)

   It makes you much more stealthy.
Jewellery
 c - the ring "Fenihac" (right hand) {rN+ Dex+5}
   (You found it on level 8 of the Dungeon)

   [ring of positive energy]

   It affects your dexterity (+5).
   It protects you from negative energy.
 u - the ring of the Saving Fool (left hand) {rPois Will+ Stlth+}
   (You took it off a deep elf demonologist on level 3 of the Elven Halls)

   [ring of willpower]

   It protects you from poison.
   It affects your willpower, your defense against some magical effects.
   It makes you more stealthy.
 x - the amulet "Ogasamel" (around neck) {RegenMP +Blink rElec Str+4 Int+2}
   (You acquired it on level 4 of the Vaults)

   [amulet of magic regeneration]

   It increases your magic regeneration.
   It affects your strength (+4).
   It affects your intelligence (+2).
   It insulates you from electricity.
   It lets you blink.
 P - a ring of the Octopus King {AC+1 EV+1 Str+1 Int+1 Dex+1 SInv}
   (You found it on level 9 of a ziggurat)

   [ring of see invisible]

   It affects your AC (+1).
   It affects your evasion (+1).
   It affects your strength (+1).
   It affects your intelligence (+1).
   It affects your dexterity (+1).
   It lets you see invisible.
Wands
 d - a wand of digging (39)
 h - a wand of acid (18)
 i - a wand of iceblast (17)
 p - a wand of paralysis (71)
 q - a wand of flame (115)
 y - a wand of mindburst (45)
Scrolls
 f - 2 scrolls of enchant weapon
 j - 2 scrolls of brand weapon
 r - a scroll of enchant armour
 D - 5 scrolls of blinking
 E - 10 scrolls of fear
 F - 11 scrolls of fog
 K - 11 scrolls of immolation
 W - 2 scrolls of holy word
 X - 14 scrolls of magic mapping {@r4}
 Y - 25 scrolls of teleportation {@r3}
 Z - 38 scrolls of identify {@r1}
Potions
 C - 5 potions of cancellation
 G - 4 potions of ambrosia
 H - 5 potions of haste
 I - 3 potions of invisibility
 J - 16 potions of curing {@q1}
 L - 15 potions of flight
 M - 8 potions of might
 N - 14 potions of heal wounds {@q2}
 Q - 8 potions of magic
 R - 5 potions of resistance
 T - 5 potions of berserk rage
 U - 8 potions of mutation
Miscellaneous
 l - a condenser vane
 s - a tin of tremorstones (2/2)
 v - a lightning rod (4/4)
 w - a phial of floods


   Skills:
 O Level 27 Fighting
 - Level 1.1 Short Blades
 O Level 27 Axes
 - Level 9.0(20.1) Maces & Flails
 - Level 16.0 Throwing
 + Level 26.7 Armour
 - Level 20.0 Dodging
 - Level 2.4 Stealth
 - Level 15.0 Shields
 - Level 1.3 Spellcasting
 - Level 2.0 Hexes
 - Level 15.0 Evocations


You had 25 spell levels left.
You knew the following spells:

 Your Spells              Type           Power      Damage    Failure   Level
a - Corona                Hex            6%         N/A       43%         1

Your spell library contained the following spells:

 Spells                   Type           Power      Damage    Failure   Level
 Slow                     Hex            6%         N/A       56%         2
 Freeze                   Ice            0%         1d3       71%         1
 Magic Dart               Conj           0%         1d3       71%         1
 Sandblast                Erth           0%         2d4       71%         1
 Shock                    Conj/Air       0%         1d3       71%         1
 Ensorcelled Hibernation  Hex/Ice        6%         N/A       71%         2
 Confusing Touch          Hex            6%         N/A       78%         3
 Corpse Rot               Necr/Air       N/A        N/A       83%         2
 Poisonous Vapours        Pois/Air       0%         N/A       83%         2
 Searing Ray              Conj           0%         3d3       83%         2
 Sublimation of Blood     Necr           0%         N/A       83%         2
 Dazzling Flash           Conj/Hex       6%         N/A       89%         3
 Mephitic Cloud           Conj/Pois/Air  0%         N/A       96%         3
 Static Discharge         Conj/Air       0%         N/A       96%         3
 Stone Arrow              Conj/Erth      0%         3d7       96%         3
 Cause Fear               Hex            3%         N/A       99%         4
 Fulminant Prism          Conj/Hex       1%         3d6       99%         4
 Leda's Liquefaction      Hex/Erth       1%         N/A       99%         4
 Hailstorm                Conj/Ice       0%         3d3       100%        4
 Olgreb's Toxic Radiance  Pois           0%         N/A       100%        4
 Borgnjor's Vile Clutch   Necr/Erth      0%         N/A       100%        5
 Excruciating Wounds      Necr           0%         N/A       100%        5
 Iskenderun's Battlesphe  Conj           0%         2d6       100%        5
 Lee's Rapid Deconstruct  Erth           0%         3d5*      100%        5
 Lightning Bolt           Conj/Air       0%         1d11      100%        5
 Metabolic Englaciation   Hex/Ice        1%         N/A       100%        5
 Silence                  Hex/Air        1%         N/A       100%        5
 Conjure Ball Lightning   Conj/Air       0%         3x3d6     100%        6
 Freezing Cloud           Conj/Ice/Air   0%         6-21      100%        6
 Invisibility             Hex            6%         N/A       100%        6
 Iron Shot                Conj/Erth      0%         9d1       100%        6
 Orb of Destruction       Conj           0%         N/A       100%        7
 Ozocubu's Refrigeration  Ice            0%         4d5       100%        7
 Borgnjor's Revivificati  Necr           0%         N/A       100%        8
 Chain Lightning          Conj/Air       0%         N/A       100%        8
 Discord                  Hex            3%         N/A       100%        8
 Lehudib's Crystal Spear  Conj/Erth      0%         10d2      100%        8
 Absolute Zero            Ice            0%         ∞         100%        9
 Death's Door             Necr           0%         N/A       100%        9
 Shatter                  Erth           0%         3d5*      100%        9
 Tornado                  Air            0%         N/A       100%        9
 Animate Skeleton         Necr           Unusable   N/A       N/A         1
 Apportation              Tloc           Unusable   N/A       N/A         1
 Foxfire                  Conj/Fire      Unusable   2x1d4     N/A         1
 Sting                    Tmut/Pois      Unusable   1d3       N/A         1
 Summon Small Mammal      Summ           Unusable   N/A       N/A         1
 Tukima's Dance           Hex            Unusable   N/A       N/A         3
 Blink                    Tloc           Unusable   N/A       N/A         2
 Call Imp                 Summ           Unusable   N/A       N/A         2
 Passwall                 Tmut/Erth      Unusable   N/A       N/A         2
 Inner Flame              Hex/Fire       Unusable   N/A       N/A         3
 Portal Projectile        Hex/Tloc       Unusable   N/A       N/A         3
 Summon Guardian Golem    Hex/Summ       Unusable   N/A       N/A         3
 Call Canine Familiar     Summ           Unusable   N/A       N/A         3
 Conjure Flame            Conj/Fire      Unusable   6-21      N/A         3
 Gell's Gravitas          Tloc           Unusable   N/A       N/A         3
 Ignite Poison            Fire/Tmut/Pois Unusable   N/A       N/A         3
 Lesser Beckoning         Tloc           Unusable   N/A       N/A         3
 Teleport Other           Tloc           Unusable   N/A       N/A         3
 Animate Dead             Necr           Unusable   N/A       N/A         4
 Iskenderun's Mystic Bla  Conj/Tloc      Unusable   2d3       N/A         4
 Manifold Assault         Tloc           Unusable   N/A       N/A         4
 Passage of Golubria      Tloc           Unusable   N/A       N/A         4
 Petrify                  Tmut/Erth      Unusable   N/A       N/A         4
 Sticky Flame             Conj/Fire      Unusable   2d3       N/A         4
 Summon Ice Beast         Ice/Summ       Unusable   N/A       N/A         4
 Summon Lightning Spire   Summ/Air       Unusable   N/A       N/A         4
 Alistair's Intoxication  Tmut/Pois      Unusable   N/A       N/A         5
 Bolt of Magma            Conj/Fire/Erth Unusable   4d4       N/A         5
 Fireball                 Conj/Fire      Unusable   3d3       N/A         5
 Irradiate                Conj/Tmut      Unusable   3d14      N/A         5
 Summon Forest            Summ/Tloc      Unusable   N/A       N/A         5
 Yara's Violent Unravell  Hex/Tmut       Unusable   3d3       N/A         5
 Death Channel            Necr           Unusable   N/A       N/A         6
 Dispersal                Tloc           Unusable   N/A       N/A         6
 Eringya's Noxious Bog    Tmut/Pois      Unusable   N/A       N/A         6
 Hydra Form               Tmut           Unusable   N/A       N/A         6
 Simulacrum               Ice/Necr       Unusable   N/A       N/A         6
 Starburst                Conj/Fire      Unusable   8x6d3     N/A         6
 Statue Form              Tmut/Erth      Unusable   N/A       N/A         6
 Dragon Form              Tmut           Unusable   N/A       N/A         7
 Spellforged Servitor     Conj/Summ      Unusable   N/A       N/A         7
 Summon Hydra             Summ           Unusable   N/A       N/A         7
 Disjunction              Tloc           Unusable   N/A       N/A         8
 Ignition                 Fire           Unusable   3d3       N/A         8
 Infestation              Necr           Unusable   N/A       N/A         8
 Necromutation            Tmut/Necr      Unusable   N/A       N/A         8
 Fire Storm               Conj/Fire      Unusable   5d1       N/A         9

Dungeon Overview and Level Annotations

Branches:
Dungeon (15/15)            Temple (0/1) D:7            Lair (6/6) D:10
 Shoals (4/4) Lair:2        Snake (4/4) Lair:4        Slime (5/5) Lair:6
    Orc (2/2) D:11            Elf (3/3) Orc:2        Vaults (5/5) D:14
  Crypt (0/3) Vaults:3     Depths (5/5) D:15            Zot (5/5) Depths:5
  Sewer (visited)           IceCv (visited)         Volcano (visited)
Gauntlet (visited)

Altars:
Dithmenos
Gozag
Kikubaaqudgha
Makhleb
Qazlal
Ru
Vehumet
Xom
Yredelemnul
Beogh
Jiyva

Shops:
D:4 [   Orc:2 *[[=   Shoals:1 ?   Shoals:3 [   Snake:2 =:=   Snake:3 ??*
Snake:4 :   Vaults:4 ?   Depths:2 [   Depths:3 (

Portals:
Hell: Depths:1 Depths:2 Depths:3 Depths:4 Depths:5
Abyss: Depths:1 Depths:2 Depths:4
Pandemonium: Depths:3 Depths:5


Innate Abilities, Weirdness & Mutations

You have a pair of horns on your head.
You are hated by all.
Your cowardice makes you less effective in combat with threatening monsters.
You cannot study or cast Fire magic.
You cannot study or cast Translocations magic.
You cannot study or cast Transmutations magic.
Your casting is slightly disrupted.
You are somewhat inexperienced. (-2 XL)
You reflexively headbutt those who attack you in melee.
Your skin changes colour to match your surroundings (Stealth+).
Your body sometimes deteriorates upon taking damage.
Your flesh is heat resistant. (rF+)
Your magical capacity is low. (-10% MP)
You are robust. (+10% HP)
You are weak. (Str -2)


Message History

A balrug, a monstrous demonspawn and a blood saint come into view.
The torturous blood saint is wielding a +0 dagger of protection and wearing a +2 robe of willpower.
The balrug is wielding a +0 demon whip of venom.
Unknown command.
The monstrous demonspawn shouts!
The balrug begins to attack, but is stunned by your conviction!
The torturous blood saint calls on the powers of chaos!
You see here a +0 short sword.
You feel a twist of horror at the sight of this foe.
A glowing orange brain comes into view.
You slice the glowing orange brain!! You freeze the glowing orange brain!
The glowing orange brain is almost dead.
You slash the glowing orange brain! You freeze the glowing orange brain.
You headbutt the glowing orange brain, but do no damage.
The glowing orange brain is almost dead.
The torturous blood saint begins to pray, but is stunned by your conviction!
You cut the glowing orange brain into ribbons!!!
You freeze the glowing orange brain.
You kill the glowing orange brain!
You slash the monstrous demonspawn! You freeze the monstrous demonspawn.
The balrug gestures at you. Makhleb smites you!
The balrug begins to attack, but is stunned by your conviction!
You see here a +0 club.
The balrug begins to attack, but is stunned by your conviction!
Aiming: Dig
Press: ? - help, Shift-Dir - straight line A rock wall.
This square is covered in magical glow.
The rock shatters into small pieces.
You feel a twist of horror at the sight of this foe.
The torturous blood saint calls on the powers of chaos!
The monstrous demonspawn's willpower is stripped away.
The torturous blood saint calls on the powers of chaos!
The balrug seems to slow down.
The monstrous demonspawn seems to slow down.
An Orb Guardian comes into view.
You feel a twist of horror at the sight of this foe.
There is a staircase leading out of the dungeon here.
You redirect the balrug's attack! x2
You have escaped!

#......#.# #######.####.##
#......#.## #...# #.#
#......#X.#########.### #.#
#......#26........#.# #.#
#####+#.#..#.....#...######.#
#.....#.#..#.....#..........#
#..........#)....#..#########
#....##.##.#.....#.##
#....##....#..@..#.#
#....##.#..#.....#.#
#....##.##.#.....#.#
###....##.##.#.....#.#
.............#.....#.#
###########..........#
#......##### ########


You could see a monstrous demonspawn (slow, weak-willed), an Orb Guardian and a
balrug.

Vanquished Creatures
  2 pandemonium lords
  the Royal Jelly (Slime:5)
  4 ancient liches
  3 orbs of fire (Zot:5)
  4 dread liches
  2 juggernauts
  Sojobo (Depths:2)
  The ghost of Bailed the Peltast, a veteran MiMo of Qazlal (Vaults:4)
  Bai Suzhen (Vaults:4)
  2 Killer Klowns
  Frederick (Vaults:4)
  Margery (Depths:4)
  Nikola (Shoals:2)
  4 golden dragons
  A bone dragon (Depths:4)
  2 Tzitzimimeh (Zig:9)
  4 electric golems
  An iron giant (Depths:5)
  The ghost of Xucon the Warrior, an adept DDBe of Trog (Vaults:1)
  A Hell Sentinel (Zig:9)
  2 Ice Fiends
  13 liches
  11 tentacled monstrosities
  13 quicksilver dragons
  A quicksilver dragon (shapeshifter) (Zig:7)
  5 deep elf blademasters
  2 deep elf master archers (Elf:3)
  25 Orb Guardians
  18 acid blobs
  2 sphinxes
  5 titans
  Polyphemus (Shoals:4)
  7 death cobs
  Frances (D:13)
  13 shadow dragons
  10 nagarajas
  Roxanne (D:14)
  10 storm dragons
  7 tengu reavers
  11 frost giants
  18 draconian monks
  A frost giant (shapeshifter) (Zig:7)
  Ilsuiw (Shoals:4)
  Donald (Shoals:2)
  14 azure jellies
  An iron dragon (Depths:4)
  5 fire giants
  5 deep elf sorcerers
  The ghost of Umabroofo the Executioner, a journeyman MiHu of Uskayaw (Elf:3)
  2 draconian scorchers
  A balrug (Zig:9)
  Louise (Snake:1)
  16 vault wardens
  7 draconian knights
  2 ghost moths
  Aizul (Shoals:4)
  8 draconian annihilators
  8 deep elf elementalists
  4 orc warlords
  11 ironheart preservers
  An iron dragon (shapeshifter) (Vaults:4)
  6 draconian shifters
  2 spriggan defenders
  3 angels
  The ghost of Midom the Grappler, a journeyman OgTm of Cheibriados (D:14)
  7 war gargoyles
  32 stone giants
  37 very ugly things
  9 draconian stormcallers
  2 blood saints (Zig:9)
  11 black draconians
  9 deep elf annihilators
  10 white draconians
  2 vampire knights
  11 deep elf demonologists
  2 spectral titans (Vaults:1)
  14 yellow draconians
  6 green draconians
  4 entropy weavers
  17 red draconians
  6 spark wasps
  10 purple draconians
  25 ettins
  2 blizzard demons
  4 merfolk javelineers
  Snorg (Lair:6)
  11 deep elf death magi
  A crystal guardian (Depths:5)
  3 deep elf high priests
  2 jiangshi (Depths:2)
  Josephine (Orc:1)
  9 death oozes (Slime:5)
  17 fire dragons
  7 merfolk impalers
  13 yaktaur captains
  12 great orbs of eyes
  7 spriggan air magi
  9 boulder beetles
  29 vault guards
  8 rakshasas
  An ice dragon (shapeshifter) (Vaults:5)
  16 ice dragons
  2 catoblepae
  13 ogre magi
  9 hydras
  24 naga warriors
  8 anacondas
  3 merfolk avatars
  3 satyrs
  3 death knights
  7 tengu warriors
  7 merfolk aquamancers
  6 deep troll shamans
  2 alligator snapping turtles (Shoals:4)
  10 centaur warriors
  4 vampire magi
  39 two-headed ogres
  6 deep troll earth magi
  2 thrashing horrors (Zig:6)
  A death yak (shapeshifter) (Depths:2)
  8 death yaks
  31 dancing weapons
  13 shock serpents
  A shock serpent (shapeshifter) (D:14)
  12 hell knights
  22 deep elf knights
  A soul eater (Depths:3)
  19 naga sharpshooters
  A sun demon (Depths:3)
  A spectral yaktaur (Vaults:1)
  A fire crab (Lair:6)
  8 spriggan berserkers
  2 shadow wraiths
  4 skeletal warriors
  A sixfirhy (Depths:5)
  5 iron trolls
  A spatial maelstrom (Zig:6)
  7 unseen horrors
  5 salamander mystics
  7 sea snakes
  19 deep trolls
  An obsidian statue (Zig:1)
  An orange crystal statue (Elf:3)
  17 deep elf archers
  3 flayed ghosts
  7 naga ritualists
  6 phantasmal warriors
  5 glowing orange brains
  4 wizards
  A lindwurm (shapeshifter) (Vaults:5)
  7 necromancers
  9 large abominations
  22 orc knights
  13 ironbrand convokers
  8 mana vipers
  34 ugly things
  8 wolf spiders
  38 deep elf pyromancers
  40 deep elf zephyrmancers
  17 salamanders
  7 harpies
  A faun (shapeshifter) (Vaults:5)
  7 cyclopes
  7 fauns
  2 shining eyes
  A shining eye (shapeshifter) (Vaults:5)
  8 orc sorcerers
  2 stone giant zombies (Vaults:4)
  17 moths of wrath
  10 manticores
  An elephant (shapeshifter) (Depths:2)
  A guardian serpent (shapeshifter) (Vaults:5)
  Joseph (D:9)
  7 guardian serpents (Snake:4)
  An apocalypse crab (Zig:7)
  28 black mambas
  9 elephants
  2 molten gargoyles (Volcano)
  3 rust devils
  10 ice statues
  20 vault sentinels
  5 merfolk sirens
  18 naga magi
  A titan simulacrum (Vaults:1)
  A torpor snail (Zig:10)
  10 cane toads
  An orange demon (Depths:3)
  2 centaur zombies
  5 water nymphs
  An eye of devastation (Slime:2)
  3 smoke demons
  5 centaur skeletons
  5 gargoyles
  A cane toad (shapeshifter) (Vaults:5)
  A hellion (Depths:5)
  A rime drake (shapeshifter) (Vaults:3)
  5 freezing wraiths
  2 kobold demonologists
  4 rime drakes
  6 tengu conjurers
  2 efreet (Zig:6)
  A demonic crawler (D:14)
  18 yaktaurs
  14 komodo dragons
  2 tormentors
  3 anaconda simulacra (IceCv)
  A golden dragon simulacrum (IceCv)
  3 spectral deep trolls (Vaults:1)
  A red devil (Depths:1)
  A jumping spider (Zig:3)
  A polar bear (shapeshifter) (Vaults:2)
  A tengu simulacrum (Vaults:4)
  6 trolls
  5 polar bears
  8 wind drakes
  A queen bee (shapeshifter) (Depths:4)
  17 merfolk
  A jumping spider (shapeshifter) (Elf:2)
  12 blink frogs
  9 hornets
  4 dream sheep
  A blink frog (shapeshifter) (Elf:2)
  50 slime creatures
  2 stone giant simulacra
  5 snapping turtles
  A frost giant simulacrum (Vaults:2)
  A tarantella (Zig:3)
  A vampire (D:15)
  A spriggan (shapeshifter) (D:12)
  A dire elephant simulacrum (IceCv)
  A shadow (D:12)
  3 air elementals
  34 yaks
  5 spriggans
  35 water elementals
  Eustachio (D:5)
  4 wyverns
  A spectral human (Vaults:1)
  7 wraiths
  2 yaks (shapeshifter)
  A steam dragon (Lair:2)
  4 basilisks
  2 neqoxecs
  2 hogs (shapeshifter) (D:14)
  3 vampire mosquitoes
  2 fire bats (Volcano)
  2 fire elementals
  4 small abominations (Depths:4)
  3 chaos spawn
  Menkaure (D:6)
  A swamp worm (shapeshifter) (Vaults:5)
  An acid dragon (D:13)
  12 wargs
  57 nagas
  2 soldier ants
  2 hydra simulacra (IceCv)
  2 iron troll simulacra (IceCv)
  20 water moccasins
  A soldier ant (shapeshifter) (Vaults:2)
  7 sky beasts
  11 ice beasts
  2 ettin simulacra
  33 orc warriors
  A black bear (D:12)
  An ogre (shapeshifter) (D:14)
  34 centaurs
  4 eyes of draining
  A human zombie (Vaults:4)
  43 ogres
  11 wolves
  An eye of draining (shapeshifter) (Vaults:1)
  2 hornet zombies
  3 necrophages
  A boggart (Vaults:2)
  4 phantoms
  7 kobold brigands
  Blork the orc (D:5)
  6 earth elementals
  17 bullfrogs
  A human skeleton (Vaults:4)
  A wyvern zombie (D:13)
  A glowing shapeshifter simulacrum (Vaults:1)
  7 scorpions
  7 killer bees
  14 wights
  3 howler monkeys
  2 electric eels (Lair:1)
  A crimson imp (Depths:1)
  5 lava snakes (Volcano)
  A bullfrog zombie (D:12)
  2 quasits
  A gnoll shaman (D:6)
  26 orc priests
  9 jellies
  A bullfrog skeleton (D:9)
  5 hounds
  Ijyb (D:3)
  6 iguanas
  24 orc wizards
  7 worker ants
  Robin (D:2)
  A howler monkey skeleton (D:4)
  13 gnolls
  7 adders
  A river rat (Sewer)
  3 shadow imps
  4 white imps
  4 ufetubi
  4 oozes
  2 adder skeletons
  2 adder zombies
  3 worms
  3 dart slugs
  8 leopard geckos
  104 orcs
  3 ball pythons
  11 giant cockroaches
  15 goblins
  8 hobgoblins
  12 jackals
  5 quokkas
  9 bats
  8 frilled lizards
  25 kobolds
  2 leopard gecko skeletons
  2 leopard gecko zombies
  11 rats
2440 creatures vanquished.

Vanquished Creatures (others)
  A caustic shrike (Zig:10)
  An Orb Guardian (Zot:5)
  A tentacled monstrosity (Zot:3)
  An acid blob (Slime:3)
  A draconian monk (Zot:2)
  2 very ugly things (Depths:4)
  A draconian stormcaller (Zot:5)
  2 draconian annihilators (Zot:2)
  A vampire knight (Depths:2)
  A black draconian (Zot:2)
  A deep elf annihilator (Elf:3)
  An ettin (Depths:4)
  A yaktaur captain (Vaults:4)
  A naga warrior (Snake:2)
  A hydra (Lair:2)
  An ogre mage (Vaults:3)
  3 two-headed ogres
  A deep troll earth mage (Depths:4)
  A dancing weapon (Elf:2)
  A deep troll shaman (Depths:3)
  A spriggan berserker (Depths:2)
  A naga sharpshooter (Snake:4)
  A deep elf knight (Elf:2)
  A sea snake (Shoals:4)
  A deep troll (Depths:4)
  3 harpies
  3 deep elf zephyrmancers
  An orc knight (Depths:3)
  2 ironbrand convokers (Vaults:3)
  A deep elf pyromancer (Elf:3)
  2 mana vipers (Depths:3)
  2 cyclopes (Vaults:1)
  A black mamba (Snake:1)
  A naga mage (Snake:2)
  A rust devil (Depths:3)
  A cane toad (Lair:2)
  A rime drake (Lair:3)
  A yaktaur (Vaults:1)
  A troll (D:9)
  A merfolk (Shoals:2)
  A hornet (Lair:6)
  A blink frog (Lair:3)
  A slime creature (D:15)
  A chaos spawn (Zig:6)
  2 ogres
  3 centaurs
  A human skeleton (Vaults:4)
  A bullfrog (D:15)
  2 killer bees
  A crimson imp (Depths:1)
  A jelly (D:10)
  An orc wizard (D:14)
  An orc (D:14)
  2 kobolds
  40 fungi
  220 plants
330 creatures vanquished.

Grand Total: 2770 creatures vanquished

Notes
Turn   | Place    | Note
-------+----------+-------------------------------------------
     0 | D:1      | Forgeling the Minotaur Enchanter began the quest for the
                  | Orb.
     0 | D:1      | Reached XP level 1. HP: 14/14 MP: 1/1
   825 | D:1      | Reached skill level 1 in Fighting
  1071 | D:1      | Reached XP level 2. HP: 24/24 MP: 0/3
  1910 | D:1      | Reached XP level 3. HP: 31/31 MP: 2/4
  2101 | D:2      | Reached skill level 1 in Maces & Flails
  2586 | D:2      | Noticed Robin
  2653 | D:2      | Killed Robin
  2658 | D:2      | Reached XP level 4. HP: 34/38 MP: 5/5
  2936 | D:3      | Noticed Ijyb
  2961 | D:3      | Killed Ijyb
  3767 | D:2      | Reached XP level 5. HP: 44/45 MP: 6/6
  3880 | D:3      | Found a faded altar of an unknown god.
  4120 | D:3      | Noticed a phantom
  4128 | D:3      | Reached skill level 1 in Evocations
  4185 | D:3      | Killed a phantom
  4294 | D:3      | Reached skill level 5 in Maces & Flails
  4300 | D:3      | Found a basalt altar of Yredelemnul.
  4626 | D:3      | Reached XP level 6. HP: 51/51 MP: 4/7
  4656 | D:4      | Found a sacrificial altar of Ru.
  4664 | D:4      | Became a worshipper of Ru the Awakened
  4967 | D:4      | Reached XP level 7. HP: 56/60 MP: 8/8
  5445 | D:4      | Found Zilut's Antique Armour Emporium.
  5449 | D:4      | Reached skill level 5 in Fighting
  5458 | D:4      | Bought a cloak for 103 gold pieces
  5662 | D:5      | Entered Level 5 of the Dungeon
  5662 | D:5      | Noticed Eustachio
  5674 | D:5      | Killed Eustachio
  5820 | D:5      | Reached XP level 8. HP: 48/68 MP: 9/9
  5932 | D:5      | Gained mutation: You are hated by all. [Ru sacrifice]
  5932 | D:5      | Reached * piety under Ru
  6079 | D:5      | Found a glowing drain.
  6083 | Sewer    | Entered a sewer
  6195 | Sewer    | Found a white marble altar of Elyvilon.
  6521 | D:5      | Noticed Blork the orc
  6542 | D:5      | Killed Blork the orc
  6588 | D:5      | Reached skill level 1 in Throwing
  6776 | D:6      | Noticed Menkaure
  6779 | D:6      | Killed Menkaure
  6821 | D:6      | Found a shimmering altar of Xom.
  6833 | D:6      | Found a radiant altar of Vehumet.
  6838 | D:6      | Found a shadowy altar of Dithmenos.
  6955 | D:6      | Reached skill level 5 in Dodging
  7216 | D:6      | Reached XP level 9. HP: 65/75 MP: 10/10
  7917 | D:7      | Gained mutation: You cannot study or cast Fire magic. [Ru
                  | sacrifice]
  7917 | D:7      | Gained mutation: You cannot study or cast Transmutations
                  | magic. [Ru sacrifice]
  7917 | D:7      | Gained mutation: You cannot study or cast Translocations
                  | magic. [Ru sacrifice]
  7917 | D:7      | Reached ** piety under Ru
  7956 | D:7      | Found a staircase to the Ecumenical Temple.
  8061 | D:7      | Found an opulent altar of Gozag.
  8596 | D:7      | Reached skill level 1 in Armour
  8879 | D:4      | Bought a kite shield for 103 gold pieces
  9115 | D:8      | Reached skill level 5 in Throwing
  9332 | D:8      | Reached skill level 1 in Axes
  9392 | D:8      | Identified the ring "Fenihac" {rN+ Dex+5}
  9848 | D:9      | Noticed Joseph
 10008 | D:9      | Reached XP level 10. HP: 68/88 MP: 11/11
 10090 | D:9      | Gained mutation: Your cowardice makes you less effective in
                  | combat with threatening monsters. [Ru sacrifice]
 10090 | D:9      | Reached *** piety under Ru
 10293 | D:9      | Reached skill level 5 in Axes
 10340 | D:9      | Found a stormy altar of Qazlal.
 10797 | D:9      | Killed Joseph
 10845 | D:10     | Entered Level 10 of the Dungeon
 11059 | D:10     | Found a staircase to the Lair.
 12304 | D:10     | Gained mutation: You are somewhat inexperienced. (-2 XL)
                  | [Ru sacrifice]
 12304 | D:10     | Reached XP level 9. HP: 66/81 MP: 10/10
 12304 | D:10     | Reached XP level 8. HP: 66/74 MP: 9/9
 12304 | D:10     | Reached **** piety under Ru
 12304 | D:10     | Reached ***** piety under Ru
 12318 | D:11     | Reached skill level 5 in Shields
 12338 | D:11     | Reached XP level 9. HP: 81/81 MP: 10/10
 12608 | D:11     | Found a staircase to the Orcish Mines.
 12778 | D:11     | Noticed a troll
 12784 | D:11     | Killed a troll
 12868 | D:11     | Found a transporter.
 12869 | D:11     | Found a transporter.
 12870 | D:11     | Noticed a two-headed ogre
 12872 | D:11     | Noticed a troll
 12881 | D:11     | Noticed a two-headed ogre
 13042 | D:11     | Noticed an orc sorcerer
 13210 | Lair:1   | Entered Level 1 of the Lair of Beasts
 13294 | Lair:1   | Reached skill level 10 in Axes
 13352 | Lair:1   | Noticed a cane toad
 13353 | Lair:1   | Noticed a polar bear
 13358 | Lair:1   | Reached XP level 10. HP: 80/88 MP: 5/11
 13358 | Lair:1   | Killed a cane toad
 13383 | Lair:1   | Found a gate leading to a gauntlet.
 13405 | Gauntlet | Entered a Gauntlet
 13405 | Gauntlet | Found a transporter.
 13405 | Gauntlet | Found a transporter.
 13405 | Gauntlet | Noticed a sixfirhy
 13407 | Gauntlet | Noticed a sixfirhy
 13425 | Gauntlet | Found a transporter.
 13429 | Gauntlet | Found a transporter.
 13433 | Gauntlet | Noticed a death ooze
 13439 | Gauntlet | Found a transporter.
 13460 | Gauntlet | Found a transporter.
 13468 | Gauntlet | Found a transporter.
 13474 | Gauntlet | Found a transporter.
 13491 | Gauntlet | Found a transporter.
 13495 | Gauntlet | Noticed a death ooze
 13499 | Gauntlet | Found the +8 arc blade {discharge, rElec}
 13499 | Gauntlet | Found a transporter.
 13518 | Gauntlet | Found a transporter.
 13521 | Gauntlet | Noticed a worldbinder
 13541 | Gauntlet | Found a transporter.
 13637 | Lair:1   | Noticed a seven-headed hydra
 13654 | Lair:1   | Killed a seven-headed hydra
 13735 | Lair:1   | Gained mutation: Your casting is slightly disrupted. [Ru
                  | sacrifice]
 13735 | Lair:1   | Reached ****** piety under Ru
 14668 | Lair:2   | Noticed a cane toad
 14683 | Lair:2   | Killed a cane toad
 14710 | Lair:2   | Identified the +2 war axe "Egg" {vorpal, +Blink rPois}
 14717 | Lair:2   | Noticed a seven-headed hydra
 14863 | Lair:2   | Noticed an eight-headed hydra
 14991 | Lair:2   | Found a staircase to the Shoals.
 15023 | Lair:2   | Found a dark tunnel.
 15030 | Volcano  | Entered a volcano
 15203 | Volcano  | Found a bloodstained altar of Trog.
 15203 | Volcano  | Noticed a salamander
 15203 | Volcano  | Noticed a salamander
 15203 | Volcano  | Noticed a salamander mystic
 15203 | Volcano  | Noticed a salamander
 15207 | Volcano  | Killed a salamander
 15207 | Volcano  | Killed a salamander mystic
 15207 | Volcano  | Killed a salamander
 15208 | Volcano  | Reached skill level 5 in Armour
 15208 | Volcano  | Reached XP level 11. HP: 64/95 MP: 12/12
 15244 | Volcano  | Noticed a red draconian
 15259 | Volcano  | Killed a red draconian
 15938 | Lair:2   | Killed an eight-headed hydra
 16148 | Lair:2   | Noticed a four-headed hydra
 16585 | Lair:2   | Killed a four-headed hydra
 17091 | Lair:3   | Reached skill level 10 in Fighting
 17273 | Lair:3   | Noticed a boulder beetle
 17290 | Lair:3   | Killed a boulder beetle
 17434 | Lair:3   | Reached XP level 12. HP: 63/107 MP: 13/13
 18292 | Lair:4   | Found a staircase to the Snake Pit.
 18714 | Lair:4   | Reached skill level 10 in Shields
 19004 | Lair:5   | Noticed a six-headed hydra
 19282 | Lair:5   | Killed a six-headed hydra
 19283 | Lair:5   | Reached skill level 5 in Evocations
 19360 | Lair:5   | Noticed a five-headed hydra
 19365 | Lair:5   | Killed a five-headed hydra
 19547 | Lair:5   | Noticed a seven-headed hydra
 19559 | Lair:5   | Killed a seven-headed hydra
 20420 | Lair:6   | Entered Level 6 of the Lair of Beasts
 20424 | Lair:6   | Noticed a death yak
 20433 | Lair:5   | Reached XP level 13. HP: 118/118 MP: 14/14
 21457 | Lair:6   | Reached skill level 15 in Axes
 22424 | Lair:6   | Noticed Snorg
 22434 | Lair:6   | Killed Snorg
 22452 | Lair:6   | Found a runed translucent door.
 22453 | Lair:6   | Found a staircase to the Slime Pits.
 23104 | D:11     | Reached XP level 14. HP: 90/119 MP: 9/15
 23845 | D:12     | Identified the Compendium of the Gliding Snowflakes
 23898 | D:12     | Identified the +5 chain mail of Fuxody {rElec Int+4}
 24653 | Orc:1    | Entered Level 1 of the Orcish Mines
 24653 | Orc:1    | Found a radiant altar of Vehumet.
 24664 | Orc:1    | Noticed an orc warlord
 24787 | D:11     | Killed an orc warlord
 25147 | Orc:2    | Entered Level 2 of the Orcish Mines
 25515 | Orc:2    | Found a staircase to the Elven Halls.
 25551 | Orc:2    | Reached skill level 10 in Armour
 25693 | Orc:2    | Found Deciu's Antique Armour Emporium.
 25693 | Orc:2    | Found Tepezes's Jewellery Shop.
 25694 | Orc:2    | Found Byalaid's General Store.
 25694 | Orc:2    | Found Wodurph's Armour Emporium.
 26150 | Orc:1    | Noticed Josephine
 26154 | Orc:1    | Killed Josephine
 26155 | Orc:1    | Reached XP level 15. HP: 118/124 MP: 7/16
 26607 | Orc:2    | Bought a +2 cloak for 165 gold pieces
 26620 | Orc:2    | Bought a scroll of identify for 24 gold pieces
 26620 | Orc:2    | Bought a scroll of identify for 24 gold pieces
 26799 | Snake:1  | Entered Level 1 of the Snake Pit
 27127 | Snake:1  | Noticed Louise
 27468 | Snake:2  | Found Saabij's Jewellery Emporium.
 27470 | Snake:2  | Found Zioreat's Book Shop.
 27471 | Snake:2  | Found Ohial's Jewellery Emporium.
 27776 | Snake:2  | Reached skill level 15 in Shields
 28178 | Snake:2  | Identified the +0 scale mail of Sif Muna's Outrage {rElec
                  | SInv}
 28568 | Snake:3  | Found Efenyiwy's Assorted Antiques.
 28573 | Snake:3  | Found Jyshast's Magic Scroll Boutique.
 28574 | Snake:3  | Found Ozeu's Magic Scroll Shop.
 28663 | Snake:3  | Bought a scroll of blinking for 105 gold pieces
 28665 | Snake:3  | Bought a scroll of random uselessness for 14 gold pieces
 30045 | Snake:3  | Bought a scroll of acquirement for 728 gold pieces
 30046 | Snake:3  | Acquired 1044 gold pieces
 30066 | Snake:4  | Entered Level 4 of the Snake Pit
 30187 | Snake:4  | Reached XP level 16. HP: 101/139 MP: 17/17
 30734 | Snake:4  | Found Jeazoaj's Book Shop.
 31187 | Snake:4  | Reached skill level 15 in Fighting
 32061 | Snake:4  | Reached skill level 15 in Armour
 33271 | Snake:4  | Got a serpentine rune of Zot
 33408 | Snake:4  | Reached XP level 17. HP: 128/158 MP: 18/18
 33680 | Snake:2  | Bought the amulet "Xukliff" {rPois rC- Regen+ Dex+4 SInv}
                  | for 655 gold pieces
 33680 | Snake:2  | Bought the ring of Cinyn Yts {+Fly rC+ EV+4 Stlth+} for 768
                  | gold pieces
 33928 | Shoals:1 | Entered Level 1 of the Shoals
 33974 | Shoals:1 | Found Ceroygaw's Magic Scroll Boutique.
 34632 | Shoals:2 | Noticed Donald
 34650 | Shoals:2 | Killed Donald
 34864 | Shoals:2 | Noticed Nikola
 34896 | Shoals:2 | Killed Nikola
 34897 | Shoals:2 | Reached skill level 10 in Evocations
 35289 | Shoals:3 | Found a gateway to a bazaar.
 35524 | Shoals:3 | Reached skill level 10 in Dodging
 35577 | Shoals:3 | Found Supuodgh's Armour Boutique.
 35640 | Shoals:3 | Found a burning altar of Makhleb.
 35724 | Bazaar   | Entered a bazaar
 35785 | Bazaar   | Found Muzos's Weapon Shop.
 35813 | Bazaar   | Found Zeamas's Magic Scroll Boutique.
 35843 | Bazaar   | Found Xaadokh's Weapon Shop.
 35843 | Bazaar   | Found Viareaz's Armour Boutique.
 35861 | Bazaar   | Bought the +2 pair of boots of Paranoia {rC+ rN+ Str-3} for
                  | 184 gold pieces
 35877 | Bazaar   | Bought the +6 chain mail of Somewhere Else {Will+} for 329
                  | gold pieces
 35926 | Bazaar   | Bought a scroll of enchant weapon for 75 gold pieces
 36222 | Shoals:4 | Entered Level 4 of the Shoals
 36259 | Shoals:4 | Identified the +4 pair of boots of the Mind {rPois rF+ rC+}
 36373 | Shoals:4 | Found a frozen archway.
 36431 | IceCv    | Entered an ice cave
 36727 | Shoals:4 | Noticed Aizul
 36760 | Shoals:4 | Killed Aizul
 36902 | Shoals:4 | Noticed Ilsuiw
 36918 | Shoals:4 | Killed Ilsuiw
 37367 | Shoals:4 | Noticed Polyphemus
 37392 | Shoals:4 | Killed Polyphemus
 37491 | Shoals:4 | Reached XP level 18. HP: 161/161 MP: 19/19
 37535 | Shoals:4 | Found the +2 hood of the Assassin {Detection Stab+ Stlth++}
 37713 | Shoals:4 | Got a barnacled rune of Zot
 38133 | Snake:1  | Killed Louise
 38869 | D:13     | Noticed Frances
 38882 | D:13     | Killed Frances
 39172 | D:14     | Identified Roxanne's Tome of Moulding
 39172 | D:14     | Noticed Roxanne
 39193 | D:14     | Killed Roxanne
 39397 | D:14     | Found a transporter.
 39399 | D:14     | Found a transporter.
 39399 | D:14     | Noticed Midom's ghost (journeyman OgTm)
 39946 | D:14     | Found a gate to the Vaults.
 40348 | D:15     | Entered Level 15 of the Dungeon
 40720 | D:15     | Found a staircase to the Depths.
 41184 | Vaults:1 | Entered Level 1 of the Vaults
 42389 | Vaults:1 | Found a runed translucent gate.
 42389 | Vaults:1 | Noticed a lich
 42390 | Vaults:1 | Found a runed translucent gate.
 42390 | Vaults:1 | Found a runed translucent gate.
 42390 | Vaults:1 | Noticed Xucon's ghost (adept DDBe)
 42657 | Vaults:2 | Reached XP level 19. HP: 169/170 MP: 20/20
 44297 | Vaults:3 | Found a flickering gateway to a bazaar.
 44307 | Bazaar   | Entered a bazaar
 44307 | Bazaar   | Found Labuysk's General Store.
 44307 | Bazaar   | Found Duluasy's Assorted Antiques.
 44307 | Bazaar   | Found Wucaeken's Assorted Antiques.
 44307 | Bazaar   | Found Mauwest's Assorted Antiques.
 44774 | Vaults:3 | Found a staircase to the Crypt.
 45916 | Vaults:4 | Reached XP level 20. HP: 194/195 MP: 21/21
 46202 | Vaults:4 | Found a runed translucent gate.
 46202 | Vaults:4 | Found a runed translucent gate.
 46202 | Vaults:4 | Found an ancient bone altar of Kikubaaqudgha.
 46202 | Vaults:4 | Noticed a dread lich
 46203 | Vaults:4 | Found a runed translucent gate.
 46203 | Vaults:4 | Noticed Bailed's ghost (veteran MiMo)
 46203 | Vaults:4 | Noticed a dread lich
 46336 | Vaults:4 | Noticed Bai Suzhen
 46357 | Vaults:4 | Killed Bai Suzhen
 46724 | Vaults:4 | Found Rawkufog's Magic Scroll Boutique.
 46821 | Vaults:4 | Identified the ring of Xom's Condemnation {rPois rF+ rN+
                  | rCorr Dex-5}
 46821 | Vaults:4 | Noticed Frederick
 46835 | Vaults:4 | Killed Frederick
 47072 | Vaults:4 | Identified the ring "Leschowism" {rF+ rCorr}
 47528 | Vaults:4 | Killed a dread lich
 47529 | Vaults:4 | Killed a dread lich
 47719 | Vaults:4 | Identified the amulet "Fiewn" {Spirit Int+2}
 47735 | Vaults:4 | Killed Bailed's ghost
 47747 | Vaults:4 | Identified the +2 hat of the Invisible Beasts {Harm rF+
                  | rCorr SInv}
 47755 | Vaults:4 | Identified the amulet of Xeaschae {Spirit rN+ Will- Dex+5
                  | Stlth+}
 47787 | Vaults:4 | Acquired the amulet "Ogasamel" {RegenMP +Blink rElec Str+4
                  | Int+2}
 48005 | Vaults:1 | Killed Xucon's ghost
 48212 | D:14     | Killed Midom's ghost
 48248 | D:14     | Identified the +4 chain mail of the Sparrow {Int+4}
 48424 | Elf:1    | Entered Level 1 of the Elven Halls
 49705 | Elf:2    | Reached XP level 21. HP: 173/198 MP: 22/22
 50700 | Elf:2    | Found a runed translucent gate.
 50701 | Elf:2    | Found a runed translucent gate.
 50702 | Elf:2    | Found a runed translucent gate.
 51266 | Elf:2    | Reached skill level 15 in Dodging
 51638 | Elf:3    | Entered Level 3 of the Elven Halls
 51964 | Elf:3    | Found a large runed translucent door.
 51964 | Elf:3    | Found a large runed translucent door.
 51970 | Elf:3    | Noticed Umabroofo's ghost (journeyman MiHu)
 52598 | Elf:3    | Identified the ring "Tetos" {Wiz Int+2}
 52635 | Elf:3    | Identified the ring of the Saving Fool {rPois Will+ Stlth+}
 52726 | Elf:3    | Identified the +1 robe of Generosity {rC+}
 52802 | Elf:3    | Identified the Handbook of Excruciating Weightlessness
 52857 | Elf:3    | Identified the ring of Doenoic {+Fly Int+2}
 53045 | Elf:3    | Killed Umabroofo's ghost
 53172 | Orc:2    | Reached XP level 22. HP: 215/215 MP: 23/23
 53372 | Depths:1 | Entered Level 1 of the Depths
 53393 | Depths:1 | Found a one-way gate to the infinite horrors of the Abyss.
 54075 | Depths:1 | Noticed a golden dragon
 54168 | Depths:1 | Killed a golden dragon
 54493 | Depths:1 | Identified the ring of Reimbursement {rElec rC++ rN+ Will-}
 55277 | Depths:1 | Found a gateway to Hell.
 56004 | Depths:2 | Reached skill level 15 in Evocations
 56667 | Depths:2 | Noticed Sojobo
 56679 | Depths:2 | Killed Sojobo
 56940 | Depths:2 | Found Nigof's Armour Emporium.
 57455 | Depths:2 | Identified the ring "Kaulo" {rC+ MP+9}
 57631 | Depths:2 | Noticed a golden dragon
 57650 | Depths:2 | Killed a golden dragon
 57720 | Depths:2 | Noticed a juggernaut
 57745 | Depths:2 | Killed a juggernaut
 58055 | Depths:2 | Reached XP level 23. HP: 214/224 MP: 24/24
 58339 | Depths:3 | Found Viehewk's Weapon Boutique.
 59445 | Depths:3 | Found a runed translucent door.
 59497 | Depths:3 | Found a runed translucent door.
 59546 | Depths:3 | Found a one-way gate leading to the halls of Pandemonium.
 59739 | Depths:3 | Identified the +6 halberd of Fabi {vorpal, rElec Str+6}
 60872 | Depths:4 | Noticed Margery
 60881 | Depths:4 | Killed Margery
 62084 | Depths:4 | Reached XP level 24. HP: 198/235 MP: 24/24
 62549 | Depths:5 | Entered Level 5 of the Depths
 62825 | Depths:5 | Noticed a juggernaut
 62927 | Depths:5 | Killed a juggernaut
 63371 | Depths:5 | Found a gate to the Realm of Zot.
 63423 | Depths:5 | Found a gateway to a ziggurat.
 64088 | Zig:1    | Entered Level 1 of a ziggurat
 64298 | Zig:2    | Entered Level 2 of a ziggurat
 64316 | Zig:2    | Identified the Incunabulum of Cold and Black Secrets
 64322 | Zig:3    | Entered Level 3 of a ziggurat
 64353 | Zig:4    | Entered Level 4 of a ziggurat
 64392 | Zig:5    | Entered Level 5 of a ziggurat
 64464 | Zig:6    | Entered Level 6 of a ziggurat
 64490 | Zig:6    | Identified the ring of Vogiso {rN+ rCorr Slay+3}
 64577 | Zig:7    | Entered Level 7 of a ziggurat
 64583 | Zig:7    | Noticed a Killer Klown
 64584 | Zig:7    | Noticed Woiriong the pandemonium lord
 64591 | Zig:7    | Killed a Killer Klown
 64625 | Zig:7    | Killed Woiriong the pandemonium lord
 64821 | Zig:8    | Entered Level 8 of a ziggurat
 64932 | Zig:9    | Entered Level 9 of a ziggurat
 64940 | Zig:9    | Found the ring of the Octopus King
 64940 | Zig:9    | Noticed Gafaetal the pandemonium lord
 64944 | Zig:9    | Reached XP level 25. HP: 162/231 MP: 24/24
 64965 | Zig:9    | Killed Gafaetal the pandemonium lord
 64974 | Zig:9    | Identified a ring of the Octopus King {AC+1 EV+1 Str+1
                  | Int+1 Dex+1 SInv}
 64976 | Zig:9    | Identified the Catalogue of Weightlessness and the
                  | Snowflakes
 64982 | Zig:9    | Identified the ring of the Garden {*Drain +Fly Int+6 Dex+5
                  | Stlth+}
 65218 | Zig:10   | Entered Level 10 of a ziggurat
 65231 | Zig:10   | Identified the amulet of Metoxeqi {Faith Int+5}
 65793 | Slime:1  | Entered Level 1 of the Pits of Slime
 66263 | Slime:5  | Entered Level 5 of the Pits of Slime
 66760 | Slime:5  | Reached skill level 10 in Throwing
 66783 | Slime:5  | Noticed the Royal Jelly
 66796 | Slime:5  | Killed the Royal Jelly
 67303 | Slime:5  | Identified the +4 short sword of Demonkind {vorpal, SInv}
 67317 | Slime:5  | Got a slimy rune of Zot
 67343 | Slime:5  | Identified the +2 robe of Bawyut {Will++}
 67437 | Slime:5  | Identified the +5 battleaxe of Extremism {drain, rF+ Int+3
                  | Stlth+}
 68070 | Vaults:5 | Entered Level 5 of the Vaults
 68795 | Vaults:4 | Reached skill level 15 in Throwing
 69049 | Vaults:5 | Noticed an ancient lich
 69813 | Vaults:5 | Gained mutation: Armour fits poorly on your strangely
                  | shaped body. [a shining eye]
 70179 | Vaults:5 | Identified the +1 robe of Noughts and Crosses {rPois rN++
                  | MP-9}
 70203 | Vaults:5 | Identified the +1 bardiche of Joyful Slaughter {freeze,
                  | Str+3 Int+4 Dex+5}
 70423 | Vaults:5 | Killed an ancient lich
 71054 | Vaults:5 | Got a silver rune of Zot
 71369 | Vaults:5 | Identified the +11 war axe of a treasure trove {flame,
                  | rElec Will++ Int-2}
 72147 | Snake:3  | Bought a scroll of enchant armour for 120 gold pieces
 72147 | Snake:3  | Bought a scroll of magic mapping for 56 gold pieces
 72147 | Snake:3  | Bought a scroll of magic mapping for 56 gold pieces
 72147 | Snake:3  | Bought a scroll of magic mapping for 56 gold pieces
 72147 | Snake:3  | Bought a scroll of fog for 32 gold pieces
 72147 | Snake:3  | Bought a scroll of fog for 32 gold pieces
 72563 | Vaults:4 | Bought a scroll of enchant armour for 127 gold pieces
 72563 | Vaults:4 | Bought a scroll of blinking for 127 gold pieces
 72563 | Vaults:4 | Bought a scroll of magic mapping for 59 gold pieces
 72943 | Zot:1    | Entered Level 1 of the Realm of Zot
 73506 | Zot:1    | Acquired 1176 gold pieces
 73508 | Zot:1    | Acquired 948 gold pieces
 75888 | Zot:2    | Reached skill level 27 in Fighting
 76072 | Zot:2    | Noticed an ancient lich
 76199 | Zot:2    | Killed an ancient lich
 77058 | Zot:2    | Found a stormy altar of Qazlal.
 80054 | Zot:5    | Entered Level 5 of the Realm of Zot
 80825 | Zot:5    | Noticed a dread lich
 80840 | Zot:5    | Killed a dread lich
 80861 | Zot:5    | Noticed an orb of fire
 80886 | Zot:5    | Killed an orb of fire
 80909 | Zot:5    | Noticed a dread lich
 80911 | Zot:5    | Noticed a Killer Klown
 80925 | Zot:5    | Noticed an orb of fire
 80929 | Zot:5    | Noticed a dread lich
 81226 | Zot:5    | Gained mutation: You are weak. (Str -2) [an orb of fire]
 81232 | Zot:5    | Gained mutation: You occasionally shout uncontrollably at
                  | your foes. [an orb of fire]
 81235 | Zot:5    | Gained mutation: You tend to lose your temper in combat.
                  | [an orb of fire]
 81251 | Zot:5    | Killed an orb of fire
 81524 | Zot:5    | Killed a Killer Klown
 81617 | Zot:5    | Noticed an ancient lich
 81628 | Zot:5    | Killed an ancient lich
 81633 | Zot:5    | Lost mutation: You are weak. (Str -2) [potion of mutation]
 81633 | Zot:5    | Lost mutation: You tend to lose your temper in combat.
                  | [potion of mutation]
 81633 | Zot:5    | Lost mutation: You occasionally shout uncontrollably at
                  | your foes. [potion of mutation]
 81633 | Zot:5    | Lost mutation: Armour fits poorly on your strangely shaped
                  | body. [potion of mutation]
 81633 | Zot:5    | Gained mutation: You are robust. (+10% HP) [potion of
                  | mutation]
 81633 | Zot:5    | Gained mutation: You are occasionally teleported next to
                  | monsters. [potion of mutation]
 81633 | Zot:5    | Gained mutation: You are weak. (Str -2) [potion of
                  | mutation]
 81633 | Zot:5    | Gained mutation: Your skin changes colour to match your
                  | surroundings (Stealth+). [potion of mutation]
 81643 | Zot:5    | Killed a dread lich
 81644 | Zot:5    | Noticed an ancient lich
 81653 | Zot:5    | Killed an ancient lich
 81658 | Zot:5    | Reached skill level 27 in Axes
 81713 | Zot:5    | Noticed an orb of fire
 81713 | Zot:5    | Gained mutation: You are clumsy. (Dex -2) [an orb of fire]
 81753 | Zot:5    | Gained mutation: You tend to lose your temper in combat.
                  | [an orb of fire]
 81760 | Zot:5    | Gained mutation: Your magical capacity is low. (-10% MP)
                  | [an orb of fire]
 81779 | Zot:5    | Killed an orb of fire
 81782 | Zot:5    | Got the Orb of Zot
 81859 | Zot:4    | Lost mutation: You tend to lose your temper in combat.
                  | [potion of mutation]
 81859 | Zot:4    | Lost mutation: You are clumsy. (Dex -2) [potion of
                  | mutation]
 81859 | Zot:4    | Lost mutation: You are occasionally teleported next to
                  | monsters. [potion of mutation]
 81859 | Zot:4    | Gained mutation: Your body sometimes deteriorates upon
                  | taking damage. [potion of mutation]
 81859 | Zot:4    | Gained mutation: Your flesh is heat resistant. (rF+)
                  | [potion of mutation]
 82286 | D:8      | Noticed Xicsuadd the pandemonium lord
 82511 | D:$      | Escaped with the Orb!

Illustrated notes

Levels and vault maps discovered:
D:1:      minmay_arrival_semitransparent, layout_basic
D:2:      layout_loops_cross, chequers_serial_rivers_marsh, minivault_23,
          grunt_ministairs_3, chequers_serial_rivers_micro_e, fountainhead,
          minmay_misc_feat_iff, corner_web_ring, kennysheep_another_room,
          minmay_fountain_box, hangedman_glass_teeth, minmay_lizard_pond,
          uniq_robin
D:3:      layout_rooms, lemuel_doored_altar,
          chequers_ecumenical_altar_simple_redux, uniq_ijyb
D:4:      layout_gridville, serial_shops, shop, nicolae_ru_sacrificial_ziggurat
D:5:      layout_loops_ring, gup_sewer_entry_bowl, grunt_decor_cap,
          uniq_blork_the_orc, uniq_eustachio
D:6:      layout_basic, minmay_overflow_temple_star_quad, uniq_menkaure
D:7:      layout_basic, nicolae_gozag_seed_capital,
          minmay_temple_entry_offerings
D:8:      layout_cave_pools
D:9:      layout_basic, grunt_qazlal_clouds, uniq_joseph
D:10:     layout_cave_pools, lair_entry_dummy, serial_co_window_serial,
          co_window_corner_a, co_window_of_opportunity_a,
          co_window_of_opportunity_a, co_window_corner_a, co_window_paths_b,
          co_window_paths_b, co_window_paths_b, co_window_corner_b,
          co_window_2corner, co_window_broadway_b, co_window_cross_2,
          co_window_corner_b, co_window_corner_b, co_window_corner_b,
          hangedman_decor_points, hangedman_decor_peaks_small,
          minmay_misc_feat_ornament
D:11:     gammafunk_beogh_shrine, layout_irregular_city
D:12:     minmay_the_grid_triangle_9x9_recursive_2_mashed
          [minmay_the_grid_triangle_9x9_prize_schism,
          minmay_the_grid_triangle_9x9_steps,
          minmay_the_grid_triangle_9x9_pentomino_pain,
          minmay_the_grid_triangle_9x9_limited_checkers], layout_basic,
          serial_rivers, chequers_serial_rivers_room_a,
          chequers_serial_rivers_micro_e, chequers_serial_rivers_large_a,
          chequers_serial_rivers_room_a
D:13:     layout_basic, hex_intersection, uniq_frances
D:14:     minmay_diamond_stairs, layout_stronghold, david_vaults_4,
          minmay_misc_feat_four_crosses, gammafunk_ghost_arena, uniq_roxanne
D:15:     grunt_enter_depths_magical_seal, layout_irregular_city,
          hangedman_decor_growths, lemuel_old_faithful
Lair:1:   layout_small_grid, gauntlet_entry_generic, serial_bayou_shore_a
Lair:2:   layout_regular_city, elwin_shoals_entry_rocks, enter_volcano_4,
          amcnicky_mini_pool_medium
Lair:3:   layout_roguey, grunt_megastairs_5
Lair:4:   layout_misc_corridors, dummy_snake_entry
Lair:5:   layout_regular_city
Lair:6:   gammafunk_lair_ancient_temple, layout_gridlike, slime_altar_2,
          grunt_megastairs_2, uniq_snorg
Shoals:1: layout_shoals, serial_shops, shop_fountains, ldierk_geyser,
          nicolae_shoals_water_elemental_grotto
Shoals:2: layout_shoals, uniq_nikola, uniq_donald
Shoals:3: layout_shoals, serial_shops, bzr_entry_islet, nicolae_shop_stone,
          nicolae_shoals_circle_sea_wall, lemuel_centaur_altar
Shoals:4: shoals_end_simple, layout_shoals, shoal_ilsuiw,
          portal_ice_cave_entry_ice_statue_two, nzn_prometheus_bound,
          uniq_polyphemus, uniq_aizul
Snake:1:  layout_misc_corridors, uniq_louise
Snake:2:  layout_onion_interference, minmay_shop_grove
Snake:3:  layout_misc_corridors, abandoned_shop, grunt_megastairs_4,
          minmay_shop_star, lemuel_fruit_tree
Snake:4:  johnstein_snake_rune_scales, layout_onion, serial_shops, shop,
          grunt_ministairs_8
Slime:1:  layout_caves, cheibrodos_slime_lost_civilization_5
Slime:2:  layout_caves
Slime:3:  layout_caves
Slime:4:  layout_caves
Slime:5
Orc:1:    layout_caves, basic_altar, nicolae_orc_crystal_geode, uniq_josephine
Orc:2:    st_orc_ogre_mass, layout_caves
Elf:1:    elf_arrival_001, layout_onion_city, minmay_elf_crystal_heptagon,
          lemuel_flame_loot_1
Elf:2:    layout_loops_cross, hangedman_elven_crosses_minicolossus
Elf:3:    grunt_elf_hall_asides, layout_geoelf_diagonals,
          ebering_ghost_disaster_area, grunt_ministairs_2, minivault_16
Vaults:1: gammafunk_vaults_ghost_necromancy, hangedman_vaults_stagger,
          hangedman_vaults_maws, vaults_room_door_hall, st_lattice,
          nicolae_vaults_network_square, vaults_room_pools,
          hangedman_vaults_maws, layout_vaults_big_room
Vaults:2: hangedman_vaults_stitches, v_rooms_3, ontoclasm_vaults_shuriken,
          nicolae_vaults_network_star, ontoclasm_vaults_hangar,
          nicolae_vaults_an_arrangement, v_pattern_5, grunt_vaults_hallway_long,
          v_misc_16, ontoclasm_vaults_spin, grunt_vaults_hallway_long,
          ontoclasm_vaults_loading_screen, layout_vaults_ring
Vaults:3: nicolae_vaults_three_branches, nicolae_vaults_little_squares_4,
          blue_anna_dwarven_crypt, hangedman_vaults_stretched_pinwheel,
          nicolae_vaults_little_squares_3, nicolae_vaults_little_squares_3,
          st_cross, vaults_room_stairs_pillars, nicolae_vaults_angled_halls,
          nicolae_vaults_ring_of_whatevers, v_misc_14,
          nicolae_vaults_diagonal_hallway_7, nicolae_vaults_shelves_hall,
          layout_vaults_omnigrid, serial_shops, freezing_bzr
Vaults:4: gammafunk_vaults_ghost_crypt, nicolae_vaults_twisting_passages,
          nicolae_vaults_arrows, hangedman_vaults_snaps,
          hangedman_vaults_corner, nicolae_vaults_branching_niches,
          ontoclasm_vaults_hangar, nicolae_vaults_network_periphery,
          nicolae_vaults_mini_display_case, grunt_vaults_focal,
          ontoclasm_vaults_decontamination, nicolae_vaults_diagonal_hallway_6,
          nicolae_vaults_gold_heap, vaults_room_hallway,
          layout_vaults_omnicross, serial_shops, nicolae_shop_behind_doors,
          uniq_bai_suzhen, uniq_frederick
Vaults:5: serial_shops
Depths:1: layout_long_grid, abyss_entry, hellmouth_1, minmay_misc_feat_room,
          minmay_misc_feat_more_columns, minmay_misc_feat_plants,
          minmay_checkered_concentric_circles
Depths:2: lemuel_traditional_vault, layout_basic, serial_shops,
          nicolae_shop_temple_entry_statues_fountains, hell_entry,
          infiniplex_staircase_zigzag_3, abyss_entry_crystal,
          serial_bayou_shore_b, uniq_sojobo
Depths:3: cheibrodos_witchhunters_guild, layout_cave_pools,
          rand_demon_pan_entry_3, minmay_large_rounded_square, hell_entry,
          serial_shops, shop_coins
Depths:4: kennysheep_windowed_halls, layout_cave_shapes, minmay_room_of_horrors,
          minmay_misc_feat_tower, hell_entry, infiniplex_staircase_pool_2,
          uniq_margery
Depths:5: evilmike_zot_entry_basic, layout_cave_pools, enter_ziggurat_f,
          serial_bayou_pond_c, rand_demon_pan_entry_1, hell_entry, uniq_jory
Zot:1:    layout_onion_interference, hangedman_zot_decor_unnerving_road
Zot:2:    regret_index_qazlal_generations, layout_twisted_circle,
          zot_minivault_8
Zot:3:    layout_concentric_octagons
Zot:4:    layout_cathedral_of_symmetry
Zot:5:    layout_twisted_circle, grunt_ministairs_8

Skill      XL: |  1  2  3  4  5  6  7  8  9 10 11 12 13 14 15 16 17 18 19 20 21 22 23 24 25 |
---------------+----------------------------------------------------------------------------+-----
Fighting       | 2 3 4 5 6 8 10 12 14 16 17 19 21 22 23 24 27 | 27.0
Maces & Flails | 2 4 5 6 9 |  9.0
Evocations     | 2 4 6 8 9 11 13 15 | 15.0
Dodging        | 5 6 8 10 13 16 17 19 20 | 20.0
Throwing       | 2 5 6 16 | 16.0
Armour         | 4 5 7 8 11 13 15 17 18 19 21 26 | 26.7
Axes           | 10 12 13 14 15 17 18 20 21 22 23 27 | 27.0
Shields        | 6 7 9 10 12 14 15 | 15.0
Short Blades   | |  1.1
Stealth        | |  2.4
Spellcasting   | |  1.3
Hexes          | |  2.0

Action                   |  1- 3 |  4- 6 |  7- 9 | 10-12 | 13-15 | 16-18 | 19-21 | 22-24 | 25-27 || total
-------------------------+-------+-------+-------+-------+-------+-------+-------+-------+-------++-------
Melee: Dagger            |    45 |       |       |       |       |       |       |       |       ||    45
       Headbutt          |     8 |    21 |    93 |   144 |   191 |   372 |   365 |   454 |   440 ||  2088
       Mace              |    74 |   113 |   481 |   210 |       |       |       |       |       ||   878
       Flail             |       |     7 |       |    18 |     4 |       |       |       |       ||    29
       War axe           |       |       |   131 |   441 |   570 |       |       |       |       ||  1142
       Hand axe          |       |       |     5 |       |       |       |       |       |       ||     5
       Broad axe         |       |       |       |       |   398 |  1494 |  1344 |  1345 |  1590 ||  6171
 Fire: Hunting sling     |    13 |    47 |       |       |       |       |       |       |       ||    60
       Fustibalus        |       |       |       |    22 |       |       |       |       |       ||    22
Throw: Dart              |       |       |     4 |     9 |     6 |       |       |       |       ||    19
       Javelin           |       |       |       |       |       |       |       |       |     9 ||     9
 Cast: Corona            |    25 |    11 |       |       |       |       |       |       |       ||    36
Invok: Sacrifice Love    |       |       |     1 |       |       |       |       |       |       ||     1
       Sacrifice Experie |       |       |     1 |       |       |       |       |       |       ||     1
       Power Leap        |       |       |     2 |    13 |     3 |     8 |       |       |     5 ||    31
       Sacrifice Arcana  |       |       |     1 |       |       |       |       |       |       ||     1
       Apocalypse        |       |       |       |     1 |    11 |     9 |     7 |    11 |     9 ||    48
       Sacrifice Essence |       |       |       |     1 |       |       |       |       |       ||     1
       Sacrifice Courage |       |       |       |     1 |       |       |       |       |       ||     1
Evoke: Wand              |       |     3 |    10 |     3 |     3 |     7 |       |     1 |     1 ||    28
       Condenser vane    |       |       |       |     1 |     1 |       |     2 |     2 |     2 ||     8
       Lightning rod     |       |       |       |       |     4 |     1 |       |     2 |       ||     7
       Tin of tremorston |       |       |       |       |     1 |     1 |     3 |     6 |     5 ||    16
       Phial of floods   |       |       |       |       |       |       |       |     1 |       ||     1
  Use: Scroll            |     4 |       |    12 |     5 |     9 |     6 |     4 |     4 |    26 ||    70
       Potion            |       |     1 |       |       |       |       |     3 |     2 |    17 ||    23
 Stab: Sleeping          |     1 |       |     4 |     2 |       |    12 |     4 |       |       ||    23
       Distracted        |       |       |     3 |     4 |     5 |     7 |     9 |     6 |    13 ||    47
       Invisible         |       |       |     1 |    11 |    11 |    27 |    12 |     8 |    12 ||    82
       Paralysed         |       |       |       |    22 |    19 |    38 |    13 |    15 |    11 ||   118
       Petrifying        |       |       |       |     1 |       |     2 |       |       |       ||     3
       Petrified         |       |       |       |       |       |     1 |       |       |       ||     1
Armor: Robe              |    23 |     4 |       |       |       |       |       |       |       ||    27
       Ring mail         |       |     5 |       |    80 |    52 |       |       |       |       ||   137
       Troll leather arm |       |    26 |   198 |   135 |       |       |       |       |       ||   359
       Chain mail        |       |       |       |       |   122 |   367 |   274 |   409 |   218 ||  1390
       Plate armour      |       |       |       |       |       |       |       |       |   340 ||   340
Dodge: Dodged            |    90 |    94 |   344 |   224 |   164 |   415 |   313 |   455 |   507 ||  2606
Block: Kite shield       |       |       |   119 |   315 |   549 |   730 |   491 |   596 |   820 ||  3620
       Reflection        |       |       |       |       |    53 |    98 |    61 |    19 |    10 ||   241

Table legend: (Time is in decaauts)
 A = Elapsed time spent in this place.
 B = Non-inter-level travel time spent in this place.
 C = Inter-level travel time spent in this place.
 D = Time resting spent in this place.
 E = Time spent auto-exploring this place.
 F = Levels seen in this place.
 G = Mean time per level.
                   A        B        C        D        E       F      G
               +--------+--------+--------+--------+--------+-----+--------+
         Total |  81256 |  72892 |   8364 |   7319 |  47146 |  70 | 1160.8 |
       Dungeon |  19761 |  16792 |   2969 |   1784 |   9342 |  15 | 1317.4 |
          Lair |   9654 |   8412 |   1242 |    163 |   6198 |   6 | 1609.0 |
        Shoals |   3862 |   3510 |    352 |    120 |   2366 |   4 |  965.5 |
     Snake Pit |   7408 |   6779 |    629 |    960 |   4458 |   4 | 1852.0 |
    Slime Pits |   1845 |   1644 |    201 |    817 |    468 |   5 |  369.0 |
  Orcish Mines |   1855 |   1682 |    173 |     23 |   1269 |   2 |  927.5 |
   Elven Halls |   4574 |   4412 |    162 |    150 |   3267 |   3 | 1524.7 |
        Vaults |  10581 |   9153 |   1428 |    223 |   6909 |   5 | 2116.2 |
        Depths |  10606 |   9915 |    691 |   1138 |   6869 |   5 | 2121.2 |
           Zot |   8730 |   8215 |    515 |   1773 |   4859 |   5 | 1746.0 |
      Ziggurat |   1089 |   1089 |      0 |     66 |    691 |  10 |  108.9 |
        Bazaar |    243 |    243 |      0 |      0 |    147 |   2 |  121.5 |
         Sewer |    178 |    178 |      0 |      0 |     94 |   1 |  178.0 |
      Ice Cave |    194 |    194 |      0 |      0 |     53 |   1 |  194.0 |
       Volcano |    457 |    457 |      0 |    101 |      0 |   1 |  457.0 |
      Gauntlet |    211 |    211 |      0 |      0 |    153 |   1 |  211.0 |
               +--------+--------+--------+--------+--------+-----+--------+

Top non-repeatable levels by time:
Vaults:4: 4115 daAuts
Depths:2: 3603 daAuts
 Snake:4: 3011 daAuts
Depths:4: 2675 daAuts
   Zot:2: 2367 daAuts
  Lair:6: 2137 daAuts
     D:1: 2110 daAuts
   Elf:2: 2068 daAuts
 Snake:3: 1988 daAuts
Depths:1: 1987 daAuts
    D:11: 1922 daAuts
   Zot:1: 1860 daAuts
  Lair:2: 1827 daAuts
Vaults:2: 1756 daAuts
Vaults:1: 1715 daAuts
